 Dungeon Crawl Stone Soup version 0.20.1-1-g8b1a95d (webtiles) character file.

91891 spiff the Unseen (level 15, -9/122 HPs)
             Began as a Vampire Enchanter on July 14, 2017.
             Was a High Priest of Ashenzari.
             Killed by divine providence
             ... invoked by a meliai
              (12 damage)
             ... on level 12 of the Dungeon on July 16, 2017.
             The game lasted 02:12:04 (35361 turns).

spiff the Unseen (Vampire Enchanter)               Turns: 35361, Time: 02:12:05

Health: -9/122     AC: 15    Str: 11    XL:     15   Next: 56%
Magic:  1/28       EV: 23    Int: 23    God:    Ashenzari [*****.]
Gold:   1846       SH:  6    Dex: 15    Spells: 17/32 levels left

rFire    + . .     SeeInvis +   a - +2 dagger (curse)
rCold    + + .     Gourm    .   f - +0 buckler {AC+3} (curse)
rNeg     + + +     Faith    .   w - +3 leather armour of Niwexzy {rN+ Stlth+} (curse)
rPois    ∞         Spirit   .   o - +1 hat (curse)
rElec    .         Reflect  .   L - +0 cloak (curse)
rCorr    .         Harm     .   D - +2 pair of gloves (curse)
MR       +....     Clarity  +   i - +0 pair of boots {Fly} (curse)
Stlth    ++++++++++             (no amulet)
Regen    0.0/turn               T - +3 ring of intelligence
MPRegen  0.3/turn               C - ring of protection from fire

@: flying, bloodless, non-regenerating
A: fangs 3, see invisible, unbreathing
a: Bat Form, Curse Item, Scrying, Transfer Knowledge, Renounce Religion, Stop
Flying


You were on level 12 of the Dungeon.
You worshipped Ashenzari.
Ashenzari was extremely pleased with you.
You were bloodless.

You visited 3 branches of the dungeon, and saw 20 of its levels.
You also visited: Bailey and Ice Cave.

You collected 2932 gold pieces.
You spent 1086 gold pieces at shops.

Inventory:

Hand Weapons
 a - a cursed +2 dagger (weapon)
 Q - the +5 rapier of the Heavens {elec, +Fly MR++}
   (You bought it in a shop on level 2 of the Orcish Mines)

   Occasionally, upon striking a foe, it will discharge some electrical energy
   and cause terrible harm.
   It affects your resistance to hostile enchantments.
   It lets you fly.
Missiles
 j - 507 stones (quivered)
 y - 6 throwing nets
 E - 21 tomahawks of returning
 N - 22 tomahawks
Armour
 f - a cursed +0 buckler of protection (worn)
 i - a cursed +0 pair of boots of flying (worn)
 o - a cursed +1 hat (worn)
 w - the cursed +3 leather armour of Niwexzy (worn) {rN+ Stlth+}
   (You found it on level 4 of the Dungeon)

   It protects you from negative energy.
   It makes you more stealthy.
   It has a curse placed upon it.
 D - a cursed +2 pair of gloves (worn)
 G - a +0 shield
 L - a cursed +0 cloak (worn)
Jewellery
 C - a ring of protection from fire (right hand)
 T - a +3 ring of intelligence (left hand)
Wands
 m - a wand of polymorph (9/24)
 q - a wand of lightning (5/15)
 t - a wand of polymorph (13/24)
 x - a wand of lightning (10/15)
 J - a wand of iceblast (4/15)
 M - a wand of lightning (7/15)
 P - a wand of acid (7/15)
 S - a wand of disintegration (11/24)
 U - a wand of iceblast (6/15)
Scrolls
 c - 3 scrolls of recharging
 e - 14 scrolls of remove curse
 k - 2 scrolls of enchant armour
 l - a scroll of amnesia
 r - a scroll of fear
 s - 2 scrolls of immolation
 v - 5 scrolls of teleportation
 A - 7 scrolls of enchant weapon
 H - 2 scrolls of summoning
 K - a scroll of torment
 R - a scroll of identify
Potions
 b - a potion of cancellation
 d - 30 potions of blood
 g - 4 potions of flight
 h - 2 potions of heal wounds
 n - 4 potions of brilliance
 p - 11 potions of curing
 u - 3 potions of might
 z - a potion of resistance
 I - 5 potions of haste
 O - a potion of invisibility
Books
 B - a book of Necromancy

   Spells                             Type                      Level
   a - Pain                           Necromancy                   1
   b - Animate Skeleton               Necromancy                   1
   c - Vampiric Draining              Necromancy                   3
   d - Regeneration                   Charms/Necromancy            3
   e - Animate Dead                   Necromancy                   4
   f - Control Undead                 Necromancy                   4
Miscellaneous
 F - a phial of floods
 V - a lightning rod (4/4)


   Skills:
 + Level 12.8 Fighting
 - Level 6.0(10.1) Short Blades
 - Level 13.5(17.1) Dodging
 - Level 18.3(21.5) Stealth
 - Level 5.0(7.6) Shields
 - Level 9.0 Spellcasting
 - Level 15.0 Hexes
 - Level 2.1 Transmutations
 - Level 2.0 Ice Magic
 - Level 5.1 Earth Magic


You had 17 spell levels left.
You knew the following spells:

 Your Spells              Type           Power        Failure   Level  Hunger
a - Ensorcelled Hibernat  Hex/Ice        #####.       1%          2    None
b - Regeneration          Chrm/Necr      ##........   24%         3    None
c - Blink                 Tloc           N/A          12%         2    None
d - Passwall              Tmut/Erth      ####......   2%          2    None
e - Confuse               Hex            ######..     1%          3    None
r - Tukima's Dance        Hex            ######..     1%          3    None


Dungeon Overview and Level Annotations

Branches:
Dungeon (12/15)            Temple (0/1) D:4            Lair (6/6) D:9
  Swamp (0/4) Lair:4        Snake (0/4) Lair:2        Slime (0/5) Lair:5
    Orc (2/2) D:11            Elf (0/3) Orc:2

Altars:
Ashenzari
Dithmenos
Elyvilon
Gozag
Kikubaaqudgha
Makhleb
Okawaru
Qazlal
Trog
Uskayaw
Vehumet
Xom
Jiyva

Shops:
D:6 (   D:10 [(((   D:12 *   Orc:2 (([((

Annotations:
D:4 Duvessa
D:10 4 runed doors
Lair:3 exclusion: ice statue
Lair:4 exclusion: 2 hogs, Kirke


Innate Abilities, Weirdness & Mutations

You do not heal naturally.
You are immune to poison.
You have razor-sharp teeth.
You have supernaturally acute eyesight. (SInv)
You can survive without breathing.


Message History

You block the meliai's attack. The meliai stings you.
* * * LOW HITPOINT WARNING * * *
The meliai invokes the aid of its god against you.
Something smites you!
* * * LOW HITPOINT WARNING * * *
You begin to meditate on the wall.
You continue meditating on the rock.
You block the meliai's attack. The meliai completely misses you.
The meliai hits you with a war axe!
* * * LOW HITPOINT WARNING * * *
You block the meliai's attack.
Your magical contamination has completely faded away.
You continue meditating on the rock.
The meliai calls down the wrath of its god upon you.
Something smites you!
* * * LOW HITPOINT WARNING * * *
The meliai closely misses you. The meliai barely misses you.
You continue meditating on the rock.
The meliai invokes the aid of its god against you.
Something smites you!
You die...

#.#..........#
#.###.######.#
..#..#######.## #.##..#
#.#
#.#...>..)#...######''###
#.#
.....###<†.....###......#
#.#
#.....#####......#......#
#.#
......#%.%#....#.#..#)[.#
#.####
......#.%%#...##.#.))#..#
##.#...
###...#...######.#......#
#..#.## # #...#..%*
#@#..).).# #.##.#
###..##.##*
#y###''#####.##.#
........†# #.#
#...........#
#.######.#######.#
#.....##.##.# #.#
#.†.......# #.###.##.##.#
..# ########### #.#
#....##.# ..#
#.###.#####.# ..#
#.....#####.# .##
###.#=......#


You could see a meliai.

Vanquished Creatures
  Gastronok (Lair:3)
  An orc warlord (Orc:2)
  A stone giant (Orc:2)
  The ghost of MrModeste the Grappler, a journeyman TrBe of Trog (Lair:4)
  An ettin (Orc:2)
  Fannar (D:9)
  The ghost of zacpavey the Carver, a journeyman HOFi of Beogh (Orc:2)
  An ice dragon (Lair:3)
  Harold (D:11)
  8 hydras
  A catoblepas (Lair:5)
  14 two-headed ogres
  2 ogre magi
  4 death yaks (Lair:6)
  2 unseen horrors
  2 deep trolls (Orc:2)
  Pikel (D:8)
  A lindwurm (Lair:6)
  An oklob plant (D:7)
  9 ugly things
  4 orc sorcerers
  2 manticores
  An orc knight (Orc:1)
  3 cyclopes
  3 black mambas
  14 elephants
  A centaur zombie (D:10)
  The ghost of Typee the Conjurer, a novice OpCj of Kikubaaqudgha (Bailey)
  Maurice (D:8)
  A gargoyle (D:6)
  2 torpor snails (Lair:6)
  12 spiny frogs
  2 rime drakes
  6 komodo dragons
  15 trolls
  2 meliai (D:12)
  2 queen bees
  10 polar bears
  26 blink frogs
  5 dream sheep (Lair:5)
  4 hippogriffs
  A vampire (D:9)
  A wraith (D:12)
  4 wyverns
  5 basilisks
  41 yaks
  2 hungry ghosts
  4 nagas (Lair:2)
  Edmund (D:4)
  5 wargs
  6 swamp worms (Lair:4)
  8 water moccasins
  6 porcupines
  3 slaves
  31 orc warriors
  2 sky beasts
  2 black bears
  17 ice beasts
  A necrophage (D:10)
  2 phantoms
  29 ogres
  33 wolves
  18 centaurs
  An eye of draining (D:10)
  15 crocodiles
  2 big kobolds (D:11)
  Blork the orc (D:6)
  7 bullfrogs
  4 gnoll sergeants
  A scorpion (D:9)
  Dowan (D:4)
  24 killer bees
  2 howler monkeys
  4 electric eels
  7 crimson imps
  22 orc priests
  6 hounds
  6 jellies
  A water moccasin simulacrum (D:11)
  3 bullfrog skeletons
  2 centaur skeletons
  5 iguanas
  35 orc wizards
  8 worker ants
  2 hound zombies
  2 hound skeletons
  2 worker ant zombies
  A howler monkey skeleton (D:6)
  12 gnolls
  12 adders
  3 shadow imps
  15 white imps
  An ooze (D:2)
  An adder zombie (D:6)
  2 worms
  3 dart slugs
  4 leopard geckos
  97 orcs
  A ball python (D:6)
  8 giant cockroaches
  12 goblins
  7 hobgoblins
  10 jackals
  17 kobolds
  6 quokkas
  4 bats
  6 frilled lizards
  5 rats
  A fungus (Lair:6)
784 creatures vanquished.

Vanquished Creatures (others)
  An orc wizard (Orc:1)
  3 orcs (Orc:1)
  A bush (D:7)
  9 fungi
  24 plants
38 creatures vanquished.

Grand Total: 822 creatures vanquished

Notes
Turn   | Place    | Note
-------+----------+-------------------------------------------
     0 | D:1      | spiff the Vampire Enchanter began the quest for the Orb.
     0 | D:1      | Reached XP level 1. HP: 13/13 MP: 3/3
   523 | D:1      | Reached XP level 2. HP: 19/19 MP: 5/5
   531 | D:1      | Learned a level 2 spell: Ensorcelled Hibernation
   616 | D:1      | Reached skill level 5 in Stealth
   738 | D:1      | Reached skill level 5 in Hexes
  1439 | D:2      | Found a bloodstained altar of Trog.
  1475 | D:2      | Reached XP level 3. HP: 24/24 MP: 6/6
  1479 | D:2      | Reached skill level 1 in Ice Magic
  1520 | D:2      | Reached skill level 6 in Stealth
  2171 | D:2      | Reached XP level 4. HP: 30/30 MP: 0/7
  2389 | D:2      | Found a burning altar of Makhleb.
  2389 | D:2      | Noticed an Executioner
  2775 | D:2      | Found a shattered altar of Ashenzari.
  2780 | D:2      | Became a worshipper of Ashenzari the Shackled
  2792 | D:2      | Found a stormy altar of Qazlal.
  3013 | D:3      | Found an ancient bone altar of Kikubaaqudgha.
  3593 | D:3      | Reached XP level 5. HP: 35/35 MP: 1/8
  3926 | D:3      | Learned a level 3 spell: Confuse
  4083 | D:4      | Noticed Edmund
  4502 | D:4      | You fall through a shaft!
  4502 | D:5      | Entered Level 5 of the Dungeon
  4538 | D:5      | Reached skill level 7 in Stealth
  4589 | D:5      | Noticed a yak
  4589 | D:5      | Noticed a yak
  4589 | D:5      | Noticed a yak
  4826 | D:4      | Got the uncursed leather armour of Niwexzy {rN+ Stlth+}
  4837 | D:4      | Identified the +3 leather armour of Niwexzy {rN+ Stlth+} (You found it on level 4 of the Dungeon)
  4911 | D:4      | Noticed Dowan
  4932 | D:4      | Killed Dowan
  4932 | D:4      | Reached XP level 6. HP: 41/41 MP: 4/9
  5441 | D:4      | Found a staircase to the Ecumenical Temple.
  5524 | D:4      | Reached * piety under Ashenzari
  5614 | D:4      | Reached skill level 8 in Stealth
  5768 | D:4      | Killed Edmund
  5768 | D:4      | Reached XP level 7. HP: 41/46 MP: 1/11
  5922 | D:4      | Noticed Duvessa
  6691 | D:6      | Reached skill level 9 in Stealth
  6720 | D:5      | Reached XP level 8. HP: 32/52 MP: 2/14
  6965 | D:5      | Learned a level 3 spell: Tukima's Dance
  7005 | D:6      | Reached skill level 5 in Dodging
  7239 | D:6      | Noticed Blork the orc
  7242 | D:6      | Found a shattered altar of Ashenzari.
  7244 | D:6      | Found Rimnere's Weapon Shop.
  7492 | D:6      | Killed Blork the orc
  7566 | D:6      | Reached skill level 10 in Stealth
  7692 | D:6      | Reached skill level 1 in Fighting
  7694 | D:6      | Noticed a gargoyle
  7695 | D:6      | Noticed a manticore
  7705 | D:6      | Killed a gargoyle
  7901 | D:6      | Reached XP level 9. HP: 43/61 MP: 13/15
  8078 | D:6      | Killed a manticore
  8078 | D:6      | Reached skill level 11 in Stealth
  8078 | D:6      | Reached skill level 10 in Hexes
  9067 | D:6      | Found a shimmering altar of Xom.
  9069 | D:6      | Found an opulent altar of Gozag.
  9069 | D:6      | Found an iron altar of Okawaru.
  9107 | D:7      | Found an iron altar of Okawaru.
  9109 | D:7      | Noticed an oklob plant
  9112 | D:7      | Found a radiant altar of Vehumet.
  9150 | D:7      | Killed an oklob plant
  9150 | D:7      | Reached skill level 12 in Stealth
 10033 | D:7      | Reached ** piety under Ashenzari
 10041 | D:7      | Reached XP level 10. HP: 72/72 MP: 16/16
 10464 | D:7      | Found a shadowy altar of Dithmenos.
 10588 | D:8      | Found a white marble altar of Elyvilon.
 10614 | D:8      | Noticed Pikel
 10833 | D:8      | Killed Pikel
 10887 | D:8      | Learned a level 2 spell: Blink
 10900 | D:8      | Noticed Maurice
 10902 | D:8      | Killed Maurice
 11022 | D:8      | Found a hide-covered altar of Uskayaw.
 11224 | D:9      | Reached skill level 5 in Fighting
 11401 | D:9      | Reached skill level 13 in Stealth
 11461 | D:9      | Learned a level 2 spell: Passwall
 11634 | D:9      | Found a staircase to the Lair.
 11702 | D:9      | Reached skill level 1 in Earth Magic
 11706 | D:9      | Reached skill level 1 in Transmutations
 11882 | Lair:1   | Entered Level 1 of the Lair of Beasts
 11886 | Lair:1   | Noticed Fannar
 11987 | D:9      | Killed Fannar
 12129 | Lair:1   | Noticed an eight-headed hydra
 12130 | Lair:1   | Reached XP level 11. HP: 81/81 MP: 14/17
 12163 | Lair:1   | Killed an eight-headed hydra
 12532 | Lair:1   | Reached skill level 5 in Short Blades
 12557 | Lair:1   | Reached *** piety under Ashenzari
 12755 | Lair:1   | Noticed a fire dragon
 13584 | Lair:2   | Noticed a seven-headed hydra
 13898 | Lair:2   | Killed a seven-headed hydra
 14039 | Lair:2   | Reached skill level 14 in Stealth
 14175 | Lair:2   | Reached skill level 10 in Dodging
 14190 | Lair:2   | Found a staircase to the Snake Pit.
 14773 | Lair:3   | Noticed Gastronok
 15309 | Lair:3   | Reached **** piety under Ashenzari
 15316 | Lair:3   | Noticed an ice dragon
 15320 | Lair:3   | Reached XP level 12. HP: 91/91 MP: 18/18
 15694 | Lair:3   | Killed an ice dragon
 16429 | Lair:3   | Killed Gastronok
 16429 | Lair:3   | Reached skill level 15 in Stealth
 16429 | Lair:3   | Reached skill level 5 in Spellcasting
 16429 | Lair:3   | Reached skill level 5 in Earth Magic
 16702 | Lair:4   | Noticed MrModeste's ghost (journeyman TrBe)
 16715 | Lair:4   | Killed MrModeste's ghost
 17419 | Lair:4   | Noticed Kirke
 17456 | Lair:4   | Found a staircase to the Swamp.
 17560 | Lair:4   | Noticed a six-headed hydra
 17572 | Lair:4   | Killed a six-headed hydra
 17953 | Lair:4   | Noticed an eight-headed hydra
 17969 | Lair:4   | Killed an eight-headed hydra
 18013 | Lair:4   | Noticed a seven-headed hydra
 18016 | Lair:4   | Killed a seven-headed hydra
 18176 | Lair:4   | Reached skill level 16 in Stealth
 18266 | Lair:5   | Noticed a seven-headed hydra
 18338 | Lair:5   | Killed a seven-headed hydra
 18338 | Lair:5   | Reached XP level 13. HP: 73/98 MP: 15/22
 19181 | Lair:5   | Found a viscous altar of Jiyva.
 19181 | Lair:5   | Found a staircase to the Slime Pits.
 19312 | Lair:6   | Entered Level 6 of the Lair of Beasts
 19320 | Lair:6   | Reached ***** piety under Ashenzari
 21587 | Lair:5   | Reached skill level 17 in Stealth
 22624 | Lair:6   | Reached XP level 14. HP: 108/108 MP: 22/25
 23513 | Lair:6   | Reached skill level 15 in Hexes
 23929 | Lair:1   | Identified a scroll of acquirement
 23952 | D:10     | Entered Level 10 of the Dungeon
 24089 | D:10     | Found Juenano's Antique Armour Shop.
 24098 | D:10     | Bought an encrusted leather armour for 182 gold pieces
 24098 | D:10     | Identified the cursed +1 leather armour of the Volcano {rPois} (You bought it in a shop on level 10 of the Dungeon)
 24099 | D:10     | Bought a runed buckler for 195 gold pieces
 24099 | D:10     | Bought a pair of glowing boots for 195 gold pieces
 24391 | D:10     | Found a huge runed gate.
 24391 | D:10     | Found a huge runed gate.
 24391 | D:10     | Found a huge runed gate.
 24391 | D:10     | Found a huge runed gate.
 24463 | D:10     | Found Anti's Antique Weapon Shop.
 24602 | D:10     | Found Etud's Antique Weapon Emporium.
 24658 | D:10     | Reached skill level 1 in Shields
 25008 | D:10     | Found Bokaakau's Weapon Shop.
 25138 | D:11     | Found a frozen archway.
 25269 | IceCv    | Entered an ice cave
 28128 | D:11     | Found a stormy altar of Qazlal.
 28326 | D:11     | Noticed Harold
 28674 | D:11     | Killed Harold
 28699 | D:11     | Reached skill level 10 in Fighting
 28952 | D:11     | Reached skill level 18 in Stealth
 29227 | D:11     | Found a staircase to the Orcish Mines.
 29290 | D:11     | Learned a level 3 spell: Regeneration
 29889 | Orc:1    | Entered Level 1 of the Orcish Mines
 30203 | Orc:1    | Found a flagged portal.
 30215 | Bailey   | Entered a bailey
 30253 | Bailey   | Noticed Typee's ghost (novice OpCj)
 30257 | Bailey   | Killed Typee's ghost
 30524 | Bailey   | Found a burning altar of Makhleb.
 31346 | Orc:2    | Entered Level 2 of the Orcish Mines
 31346 | Orc:2    | Found a staircase to the Elven Halls.
 31679 | Orc:2    | Noticed an orc warlord
 31682 | Orc:2    | Noticed zacpavey's ghost (journeyman HOFi)
 32074 | Orc:2    | Reached XP level 15. HP: 100/117 MP: 23/28
 32192 | Orc:2    | Reached skill level 5 in Shields
 32950 | Orc:2    | Killed zacpavey's ghost
 33167 | Orc:2    | Found Vuly's Antique Weapon Emporium.
 33629 | Orc:2    | Found Netytt's Antique Weapon Shoppe.
 33638 | Orc:2    | Found Veejom's Antique Armour Shoppe.
 33641 | Orc:2    | Found Pojodyosuy's Antique Weapon Shop.
 33646 | Orc:2    | Found Duxteapp's Weapon Emporium.
 33689 | Orc:2    | Bought an encrusted rapier for 252 gold pieces
 33689 | Orc:2    | Identified the +5 rapier of the Heavens {elec, +Fly MR++} (You bought it in a shop on level 2 of the Orcish Mines)
 34048 | Orc:2    | Killed an orc warlord
 34219 | Orc:2    | Bought a creamy pearl robe for 131 gold pieces
 34219 | Orc:2    | Identified the cursed +0 robe "Afiokh" {-Cast +Fly Regen+ Int+5} (You bought it in a shop on level 2 of the Orcish Mines)
 34219 | Orc:2    | Bought a creamy pearl robe for 131 gold pieces
 34219 | Orc:2    | Identified the +2 robe of the Tired Songs {MR+} (You bought it in a shop on level 2 of the Orcish Mines)
 34812 | D:12     | Found Tatzo's General Store.
 35360 | D:12     | HP: 3/122 [meliai/divine providence (16)]
 35361 | D:12     | Killed from afar by a meliai

Skill      XL: |  1  2  3  4  5  6  7  8  9 10 11 12 13 14 15 |
---------------+----------------------------------------------+-----
Stealth        | 5 6 7 8 9 10 12 13 14 16 17 18 | 18.3
Hexes          | 5 6 7 8 9 11 12 13 14 15 | 15.0
Ice Magic      | 1 2 |  2.0
Dodging        | 3 4 6 8 9 10 11 12 13 | 13.5
Spellcasting   | 3 4 6 7 9 |  9.0
Fighting       | 2 4 5 7 8 9 10 12 | 12.8
Short Blades   | 4 6 |  6.0
Earth Magic    | 1 4 5 |  5.1
Transmutations | 2 |  2.1
Shields        | 4 5 |  5.0

Action                   |  1- 3 |  4- 6 |  7- 9 | 10-12 | 13-15 || total
-------------------------+-------+-------+-------+-------+-------++-------
Melee: Dagger            |    90 |    96 |   257 |   418 |  1155 ||  2016
       Bite              |     6 |     2 |    16 |    37 |    86 ||   147
Throw: Stone             |       |       |       |       |     3 ||     3
       Tomahawk          |       |       |       |       |     4 ||     4
 Cast: Corona            |     3 |       |       |       |       ||     3
       Ensorcelled Hiber |    19 |    41 |    79 |   169 |   543 ||   851
       Confuse           |       |     5 |     9 |    57 |   132 ||   203
       Passwall          |       |       |       |     1 |     6 ||     7
       Blink             |       |       |       |     1 |     2 ||     3
Invok: Curse Item        |       |     3 |       |       |     4 ||     7
       Scrying           |       |       |       |       |     3 ||     3
Evoke: Phantom mirror    |       |       |       |     1 |       ||     1
       Wand              |       |       |       |       |     1 ||     1
  Use: Potion            |     1 |     5 |     6 |     6 |    15 ||    33
       Scroll            |       |       |       |    20 |    11 ||    31
 Stab: Sleeping          |    16 |    46 |    56 |   126 |   356 ||   600
       Confused          |       |     2 |     7 |    40 |    75 ||   124
       Distracted        |       |       |     2 |       |     6 ||     8
       Petrified         |       |       |       |       |     4 ||     4
       Petrifying        |       |       |       |       |     1 ||     1
Armor: Robe              |    16 |     8 |       |       |       ||    24
       Leather armour    |       |     4 |    66 |    93 |   190 ||   353
Dodge: Dodged            |    44 |    33 |   174 |   249 |   834 ||  1334
Block: Buckler           |       |       |       |       |   209 ||   209
